Map: Путь на Айур РВ

Players

IIIIIIIIIIII

  • Race: Protoss Protoss
  • League: Diamond
  • Spawn Location: 11:00

rockdino - Winner!

  • Race: Terran Terran
  • League: Diamond
  • Spawn Location: 5:00

VOD

Have the link to the VOD?

Description

Time

  • Played on: Nov. 28, 2017, 4:20 p.m.
  • Length: 7:20
Show
View Real Time Build Order
Export as new Build Order

IIIIIIIIIIII Protoss 

Build Orders:  

Get SALT Encoding   

  12  0:01  Probe  
  13  0:13  Probe  
  14  0:18  Pylon  
  14  0:25  Probe  
  15  0:37  Probe  
  15  0:38  Gateway  
  16  0:46  Assimilator  
  16  0:49  Probe  
  17  1:01  Probe  
  18  1:13  Probe (Chrono Boost)  
  19  1:19  Pylon  
  20  1:25  Cybernetics Core, Probe (Chrono Boost)  
  20  1:27  Probe  
  20  1:30  Assimilator  
  21  1:38  Zealot  
  21  1:39  Probe  
  24  1:45  Pylon  
  24  1:52  Probe  
  25  2:01  Gateway  
  25  2:03  Warp Gate  
  25  2:09  Stalker  
  27  2:29  Robotics Facility  
  27  2:39  Stalker  
  29  2:45  Shield Battery  
  29  2:49  Stalker  
  31  2:52  Pylon  
  31  3:03  Shield Battery  
  31  3:07  Pylon  
  31  3:21  Immortal (Chrono Boost)  
  35  3:35  Gateway  
  31  4:03  Gateway, Observer  
  31  4:07  Adept x2  
  36  4:25  Immortal (Chrono Boost)  
  40  4:46  Sentry x2  
  40  4:47  Nexus  
  40  4:51  Sentry  
  46  5:03  Adept  
  48  5:14  Pylon  
  48  5:16  Adept  
  48  5:17  Adept  
  52  5:24  Adept  
  48  5:46  Adept x3  
  46  6:05  Adept  
  47  6:11  Adept x2  
  45  6:31  Observer  
Show
View Real Time Build Order
Export as new Build Order

rockdino Terran - Winner!

Build Orders:  

Get SALT Encoding   

  12  0:00  SCV  
  13  0:13  SCV  
  14  0:17  Supply Depot  
  14  0:25  SCV  
  15  0:29  Refinery  
  15  0:39  SCV  
  16  0:46  Barracks  
  16  0:51  SCV  
  17  1:03  SCV  
  18  1:16  SCV  
  19  1:33  Marine  
  19  1:34  Orbital Command  
  20  1:47  Command Center  
  20  1:53  Barracks Reactor  
  20  1:59  Supply Depot  
  20  2:00  SCV  
  21  2:14  SCV  
  22  2:19  Factory  
  22  2:23  Refinery  
  22  2:27  SCV  
  23  2:30  Marine x2  
  25  2:41  SCV  
  26  2:44  Bunker  
  26  2:48  Marine x2  
  28  2:54  SCV  
  29  3:01  Orbital Command  
  29  3:05  Widow Mine  
  29  3:06  Marine x2  
  33  3:23  Bunker  
  33  3:24  Marine x2  
  34  3:29  Starport  
  33  3:41  Widow Mine, Marine x2  
  37  3:55  SCV x2  
  35  3:59  Marine  
  35  4:00  Barracks  
  36  4:04  Bunker, Supply Depot  
  36  4:05  Marine  
  36  4:07  SCV  
  36  4:08  Medivac  
  40  4:11  SCV  
  41  4:22  SCV  
  42  4:26  SCV  
  42  4:29  Widow Mine  
  42  4:30  Supply Depot, Marine x2  
  47  4:34  SCV  
  47  4:36  Supply Depot  
  48  4:41  Medivac  
  48  4:43  SCV  
  48  4:44  Engineering Bay  
  51  4:48  Marine x2  
  51  4:49  Barracks Tech Lab  
  53  4:53  Refinery  
  53  4:58  Supply Depot  
  51  5:03  SCV x2  
  53  5:15  SCV  
  53  5:16  Marine x3  
  53  5:17  Factory Tech Lab  
  53  5:18  Medivac  
  59  5:25  Missile Turret  
  59  5:28  Supply Depot  
  59  5:34  Supply Depot  
  52  5:43  Marine x3  
  52  5:47  SCV x2  
  52  5:55  Medivac  
  52  5:59  SCV x2  
  52  6:00  Marine  
  52  6:01  Marine x2  
  56  6:25  Supply Depot x2  
  56  6:27  Supply Depot  
  54  6:33  Marine  
  54  6:34  SCV  
  54  6:35  Marine  
  54  6:37  Marine  
  53  6:50  Marine  
  53  6:53  Marine  
Tags
 
Add a new tag
Caveats
  • Supply blocks, unpowered buildings, or Contaminate may cause inaccurate times.
  • Supply counts are checked every 10 seconds.